[Event "93rd German Championship 2022"]
[Site "Magdeburg"]
[Date "2022.08.17"]
[Round "5.5"]
[White "Becker, Michael"]
[Black "Becker, Stefan"]
[Result "1/2-1/2"]
[ECO "B42"]
[WhiteElo "2270"]
[BlackElo "2101"]
[Annotator "NA RC"]
[PlyCount "108"]
[EventDate "2022.08.14"]
[EventType "swiss"]
[EventCountry "GER"]
[SourceTitle "playchess.com"]
[Source "ChessBase"]
[SourceQuality "1"]
[TimeControl "40/5400+30:1800+30"]

1. e4 c5 2. Nf3 e6 3. d4 cxd4 4. Nxd4 a6 5. Bd3 Nf6 6. Qe2 d6 7. O-O Qc7 8. c4 g6 9. Nc3 Bg7 10. Be3 O-O 11. f4 Nc6 12. Nxc6 bxc6 13. c5 d5 14. e5 Nd7 15. Na4 f6 16. Nb6 Ra7 17. Bd4 fxe5 18. Nxd7 Bxd7 19. Bxe5 Bxe5 20. fxe5 Rxf1+ 21. Rxf1 Be8 22. Qf2 Qe7 23. Qd4 a5 24. b3 Qg5 25. Qf4 Qe7 26. Qc1 Qb7 27. Rf4 Qg7 28. Rf6 Rf7 29. Rxf7 Bxf7 30. Qe3 g5 31. Ba6 h6 32. h3 Bg6 33. Bc8 Qe7 34. Qc3 Qe8 35. Ba6 Qd8 36. Qd4 Be4 37. Bd3 Bxd3 38. Qxd3 Kg7 39. Qd4 Qf8 40. a3 Qf5 41. b4 axb4 42. axb4 Kf7 43. Kh2 Ke7 44. Kh1 Qf1+ 45. Kh2 h5 46. Qe3 Qf5 47. Qd4 Kd7 48. Kg1 Kc7 49. Qa1 Qf4 50. Qa7+ Kd8 51. Qb8+ Ke7 52. Qd6+ Kf7 53. Qd7+ Kf8 54. Qxe6 Qc1+ 1/2-1/2

[Event "93rd German Championship 2022"]
[Site "Magdeburg"]
[Date "2022.08.17"]
[Round "5.6"]
[White "Roseneck, Jonas"]
[Black "Langheinrich, Ferenc"]
[Result "1-0"]
[ECO "E73"]
[WhiteElo "2384"]
[BlackElo "2357"]
[Annotator "TA"]
[PlyCount "103"]
[EventDate "2022.08.14"]
[EventType "swiss"]
[EventCountry "GER"]
[SourceTitle "playchess.com"]
[Source "ChessBase"]
[SourceQuality "1"]
[TimeControl "40/5400+30:1800+30"]

1. d4 Nf6 2. c4 g6 3. Nc3 Bg7 4. e4 d6 5. Be2 O-O 6. Bg5 c5 7. d5 e6 8. Qc1 {[%emt 0:01:23] E75: King's Indian: Averbakh Variation: 6...c5 7 d5 e6.} exd5 9. exd5 Qb6 10. Nf3 {[%emt 0:02:12] White is slightly better.} Bf5 11. Nh4 {[%emt 0:01:22] [#]} Bc8 $146 ({Predecessor:} 11... Bd7 12. O-O Re8 13. Qf4 Rxe2 14. Nxe2 Ng4 15. Qd2 h6 16. Be3 Qxb2 17. Rab1 Qf6 {1-0 (41) Del Rio de Angelis,S (2442)-Cabezas Ayala,I (2296) Pontevedra 2022}) 12. O-O Re8 13. Qc2 {[%emt 0:10:29] Against Ne4} Nbd7 14. h3 Nf8 15. Rae1 Bd7 16. Bd3 a6 17. a4 Rxe1 18. Rxe1 Re8 19. Rf1 Bc8 20. Bd2 Qd8 21. Nf3 N8d7 22. g4 Nf8 23. Nh2 N6d7 (23... h5 $1 $11 {keeps the balance.}) 24. f4 $1 $16 Qh4 25. Kg2 Qd8 26. Nf3 Nf6 27. Ne2 {[%emt 0:02:50] White is more active.} b5 28. b3 bxc4 29. bxc4 Bxg4 30. hxg4 $18 Nxg4 31. Ng3 Nd7 32. Qc1 Qc7 33. Re1 Rb8 34. Bc3 (34. Re2 $18) 34... Ndf6 (34... Bxc3 $16 35. Qxc3 Qd8) 35. Nh2 (35. Bc2 $1 $18) 35... Nxh2 $16 36. Kxh2 Qd8 (36... Ng4+ $16 37. Kg2 Bxc3 38. Qxc3 Qd8) 37. Kg2 $1 $18 Rb3 {[%emt 0:02:06][%cal Ob3c3] [#]} 38. Qc2 {[%emt 0:04:06] [#]} (38. f5 $1 $16) 38... Rb8 $2 {[%emt 0:03:25] This costs Black the game.} (38... Rxc3 $1 $11 {and Black is okay.} 39. Qxc3 Nxd5) 39. a5 Qd7 (39... Ng4 {might work better.}) 40. f5 Ng4 (40... Qc7 $142 41. Qc1 (41. fxg6 hxg6 42. Qd2 Qd8 $18) 41... Qd8) 41. Bxg7 Kxg7 42. Qc3+ f6 (42... Kg8 {is a better defense.} 43. Re4 Ne5 44. Rxe5 dxe5 45. Qxe5 (45. fxg6 fxg6 46. Qxe5 Re8 $16) 45... Re8) 43. Re6 Qa4 44. fxg6 hxg6 45. Bc2 Qa2 46. Qd3 Kf8 47. Qxg6 {[%emt 0:00:00] White mates.} Qxc4 48. Rxf6+ Nxf6 49. Qxf6+ Kg8 50. Qg6+ Kf8 51. Qxd6+ Kf7 52. Bg6+ {[%emt 0:00:00] Weighted Error Value: White=0.12 (very precise) /Black=0.41} 1-0

[Event "93rd German Championship 2022"]
[Site "Magdeburg"]
[Date "2022.08.17"]
[Round "5.7"]
[White "Dahl, Christoph"]
[Black "Kunin, Vitaly"]
[Result "1-0"]
[ECO "B38"]
[WhiteElo "2355"]
[BlackElo "2528"]
[Annotator "TA"]
[PlyCount "135"]
[EventDate "2022.08.14"]
[EventType "swiss"]
[EventCountry "GER"]
[SourceTitle "playchess.com"]
[Source "ChessBase"]
[SourceQuality "1"]
[TimeControl "40/5400+30:1800+30"]

1. e4 c5 2. Nf3 g6 3. d4 cxd4 4. Nxd4 Nc6 5. c4 Bg7 6. Be3 d6 {[%emt 0:00:30] Recently 6...Qb6 got a lot of attention.} 7. Nc3 Nh6 8. f3 {[%emt 0:05:56] Prevents Ng4. B38: Sicilian: Maroczy Bind with 5...Bg7 and 7...0-0.} f5 9. Qd2 {[%emt 0:06:11] Nxc6 is the strong threat.} Nf7 10. exf5 {[%emt 0:03:52] White is better.} gxf5 11. c5 {[%emt 0:16:07] [#]} (11. O-O-O $16) 11... f4 $146 ({Predecessor:} 11... dxc5 12. Nxc6 Qxd2+ 13. Kxd2 bxc6 14. Bxc5 Nd6 15. Kc2 Nb7 16. Bf2 Bf6 17. Re1 O-O {1-0 (40) Nikcevic,N (2488)-Popov,L (2354) Herceg Novi 2000}) 12. Bf2 d5 (12... dxc5 $11 13. Nxc6 Qxd2+ 14. Kxd2 bxc6) 13. Bb5 $16 (13. Qxf4 Nxd4 14. Bxd4 e5 $15) 13... Bd7 14. O-O (14. Nxd5 Nxd4 15. Bxd4 Bxd4 16. Bxd7+ Qxd7 $17) (14. Qxf4 Bxd4 15. Bxd4 e5 16. Bxe5 Ncxe5 $17) 14... O-O 15. Nde2 $36 {[%emt 0:04:00][%mdl 2048] White has good play.} (15. Qxf4 $2 Nxd4 16. Bxd7 (16. Bxd4 $2 e5 $19) 16... Qxd7 $19) 15... e6 16. Qxf4 (16. Nxf4 Bh6 $11) 16... Nd6 17. Qxd6 $18 Be5 {[%emt 0:02:46] [#] Prevents Nd4.} 18. Bxc6 $1 Bxd6 19. Bxd7 Qxd7 (19... Bxh2+ $16 {is a better defense.} 20. Kxh2 Qxd7) 20. cxd6 Qxd6 21. f4 h6 22. Bd4 Kh7 23. Rac1 Rac8 24. a4 ({Not} 24. Bxa7 b6 $11) 24... a6 25. Rf3 b5 26. axb5 axb5 27. Ra1 ({Don't go for} 27. Nxb5 $2 Rxc1+ 28. Nxc1 Qb4 $19) 27... Ra8 28. Rxa8 {[%emt 0:00:54] Chess con chili.} Rxa8 29. Nxb5 {[%emt 0:01:08] White is more active.} Qb4 {[%emt 0:00:47] And now ...Qe1+ would win.} 30. Nbc3 $1 Qxb2 31. Kf2 {[%emt 0:02:04][%cal Oc3d5] aiming for Nxd5!} Qc2 32. Re3 Qg6 (32... Rf8 $16) 33. Rg3 Qf7 34. Rg7+ Qxg7 35. Bxg7 Kxg7 36. f5 (36. g4 $18) 36... exf5 $16 37. Nxd5 Kg6 (37... Ra5 $142) 38. Nd4 {[%emt 0:04:28] Black must now prevent Kf3.} Kg5 39. Kf3 {[%emt 0:03:04] Hoping for Ne3.} Ra6 $2 {[%emt 0:01:25] A mistake that costs the game.} (39... Ra4 $16 {was worth a try.}) 40. Ne3 $18 f4 41. Nd5 Ra3+ 42. Ke4 Ra4 43. Ke5 ({Don't do} 43. Nxf4 Rc4 44. Ke5 Ra4 $18) 43... Ra5 44. Ne6+ Kg6 45. Nexf4+ Kg5 46. Ke4 Ra4+ 47. Kf3 Ra3+ {[%emt 0:00:31] [#]} 48. Ne3 $1 Ra2 49. Ne2 Ra8 50. g3 Ra4 51. Nf4 Ra3 52. Ke4 Ra4+ 53. Ke5 Ra5+ 54. Nfd5 Ra4 (54... Kh5 $142 55. h4 Kg6) 55. Nf6 Ra5+ {[%emt 0:02:48] [#]} 56. Ned5 $1 Ra4 57. h4+ Rxh4 $2 (57... Kg6 58. h5+ Kf7) 58. gxh4+ Kxh4 {[%emt 0:00:09] White mates.} 59. Kf4 Kh3 60. Ne3 Kh4 61. Ng2+ Kh3 62. Kf3 h5 63. Kf2 Kh2 64. Nh4 Kh3 65. Nf3 h4 66. Ng5+ Kh2 67. Ng4+ Kh1 68. Ne4 {[%emt 0:00:07] Weighted Error Value: White=0.12 (very precise) /Black=0.22 (precise)} 1-0

[Event "93rd German Championship 2022"]
[Site "Magdeburg"]
[Date "2022.08.17"]
[Round "5.8"]
[White "Richter, Nils"]
[Black "Pajeken, Jakob Leon"]
[Result "1-0"]
[ECO "A06"]
[WhiteElo "2359"]
[BlackElo "2434"]
[Annotator "TA"]
[PlyCount "125"]
[EventDate "2022.08.14"]
[EventType "swiss"]
[EventCountry "GER"]
[SourceTitle "playchess.com"]
[Source "ChessBase"]
[SourceQuality "1"]
[TimeControl "40/5400+30:1800+30"]

1. Nf3 d5 2. e3 Nf6 3. c4 e6 4. Nc3 Nbd7 5. b3 b6 6. g3 {[%emt 0:02:31] A17: English Opening: 1...Nf6 with ...Bb4.} Bb7 7. cxd5 exd5 8. Bg2 {[%emt 0:00:58] The position is equal.} Bd6 9. O-O a6 10. Bb2 {[%emt 0:00:18] [#]} Qe7 $146 (10... O-O $11 {remains equal.}) ({Predecessor:} 10... O-O 11. Rc1 Re8 12. Re1 c5 13. d4 Bf8 14. Re2 Rc8 15. Rec2 c4 16. a4 cxb3 {1-0 (49) Keymer,V (2664)-Sjugirov,S (2680) Chess.com INT 2022}) 11. Rc1 (11. Nh4 $1 $16 ) 11... O-O $14 12. Re1 (12. Ne2 {keeps more tension.} g6 13. Re1 Rfe8 14. Nf4) 12... Rac8 13. d3 c5 {[%emt 0:00:55] Inhibits Nd4.} 14. d4 c4 (14... Rfe8 $14) 15. bxc4 $1 $16 dxc4 16. e4 $1 {[%emt 0:00:29] Strongly threatening e5.} Bb4 (16... Bxe4 $2 17. Nd2 $18) (16... Nxe4 $2 17. Nxe4 Bxe4 18. Nd2 $18) 17. Nh4 {[%emt 0:10:16] And now Nf5 would win.} g6 {[%emt 0:02:14] Against Nf5} 18. e5 ({Better is} 18. a3 $1 $16 Bxa3 19. Bxa3 Qxa3 20. e5 Bxg2 21. Nxg2 (21. Kxg2 Ne8 $16)) 18... Bxc3 $14 (18... Bxg2 $2 19. exf6 (19. Nxg2 Bxc3 20. exf6 Qxe1+ 21. Nxe1 Bxb2 $18) 19... Qd6 20. Nxg2 $18) 19. Bxb7 (19. Rxc3 {with more complications.} Nd5 20. Bxd5 Bxd5 21. Ba3) 19... Bxb2 20. Bxc8 Rxc8 21. exf6 Qxf6 22. Rc2 c3 (22... Bxd4 $2 23. Re4 $18) 23. Ng2 b5 (23... Rd8 $5 ) 24. Rce2 Rc4 {[%emt 0:03:18] [#]} (24... Kg7 $14) 25. Ne3 $1 $16 {[%emt 0:01:21] White stays focused until the end.} Rxd4 {[%emt 0:03:31] [#]} (25... Ra4 $16) 26. Nd5 $1 $18 Qe5 27. Rxe5 Rxd1 28. Re8+ Kg7 29. Rxd1 c2 30. Rf1 c1=Q {[%emt 0:00:21] Against Rc8} 31. Rxc1 Bxc1 {[%emt 0:00:02][%mdl 4096] Endgame KRN-KBN} 32. Ra8 Nc5 33. Nc7 Na4 34. Rxa6 Nc3 35. Rc6 b4 36. Nd5 Nxa2 {[%emt 0:00:50] [#]} 37. Nxb4 $1 Nxb4 38. Rxc1 {[%emt 0:00:10] KR-KN} Nd3 39. Rc3 Ne5 40. f4 Ng4 41. h3 Nf6 42. Kg2 g5 $2 (42... h5 43. Kf3 Nd5) 43. fxg5 Ne4 44. Rc4 Nxg5 45. Rg4 Kf6 46. h4 Ne6 47. Rg8 Nd4 48. Kh3 $2 (48. g4 {Threatening mate with g5+.} h6 49. Kg3) 48... Nf5 $2 (48... Nc6 $18 49. Kg4 Ne7) 49. g4 Nd6 50. g5+ Kf5 51. Rg7 f6 52. gxf6 Kxf6 53. Rxh7 Kg6 54. Ra7 Ne4 55. Ra6+ Nf6 56. Kg3 Kh5 57. Re6 Ng4 58. Ra6 Nf6 $1 59. Ra5+ {[%emt 0:00:00] White mates.} Kh6 60. Kf4 Nh7 61. Kf5 Kg7 62. Ra7+ Kh6 63. Rf7 {[%emt 0:00:00] Weighted Error Value: White=0.19 (very precise) /Black=0.28 (precise)} 1-0

[Event "93rd German Championship 2022"]
[Site "Magdeburg"]
[Date "2022.08.17"]
[Round "5.9"]
[White "Wachinger, Nikolas"]
[Black "Bethke, Richard"]
[Result "1-0"]
[ECO "B30"]
[WhiteElo "2437"]
[BlackElo "2381"]
[Annotator "TA"]
[PlyCount "107"]
[EventDate "2022.08.14"]
[EventType "swiss"]
[EventCountry "GER"]
[SourceTitle "playchess.com"]
[Source "ChessBase"]
[SourceQuality "1"]
[TimeControl "40/5400+30:1800+30"]

1. e4 c5 2. Nf3 Nc6 3. Bb5 d6 4. O-O Bd7 5. Re1 Nf6 6. c3 a6 7. Bf1 Bg4 8. d4 Bxf3 {[%emt 0:08:03] B51: Sicilian: Moscow Variation (3 Bb5+) without 3...Bd7.} 9. gxf3 g5 {[%emt 0:00:27] 9...cxd4 is the modern continuation.} 10. Kh1 {[%emt 0:24:11] Black must now prevent d5.} Rg8 {[%emt 0:14:38] White is slightly better.} 11. Be3 e6 12. Nd2 {[%emt 0:11:51][%cal Od4d5] [#]} (12. d5 $5 Ne5 13. Nd2 $14) 12... h5 $146 (12... Be7 $14 {feels stronger.}) ({Predecessor:} 12... Be7 13. Bd3 h6 14. Rc1 Qc7 15. b4 Nh5 16. Rg1 Rh8 17. a4 Nf4 18. Bxf4 gxf4 {1-0 (45) Kuhn,C (2155)-Vrana,L (2135) ICCF email 2019}) 13. b4 $16 cxd4 14. cxd4 d5 15. b5 axb5 16. Bxb5 dxe4 17. fxe4 Bb4 18. Qb3 $1 Kf8 19. Bxc6 Bxd2 20. Bxd2 (20. Qxb7 Rb8 21. Qa7 Bxe1 22. Rxe1 Ng4 $15) 20... bxc6 21. Qf3 ({White should play} 21. Qb4+ $16 Qe7 22. Qc4) 21... Ra4 $11 (21... Qxd4 $2 22. Bc3 g4 23. Qxf6 $18) 22. a3 Rg6 (22... Rxd4 23. Bc3 $16) (22... c5 $5) 23. Bb4+ Kg8 24. Rad1 h4 25. Rg1 g4 26. Qe3 Ra8 (26... Qc7 $11) 27. h3 (27. f3 $1 $16) 27... Qc7 28. e5 Nd5 29. Qe4 Nxb4 30. axb4 (30. Rxg4 Nd5 31. Rxg6+ fxg6 32. Qxg6+ Kh8 33. Qxe6 Qh7 $15) 30... g3 (30... Ra3 $2 31. Rxg4 Kf8 32. Rxg6 fxg6 33. Rc1 $18 (33. Qxg6 Qf7 $16)) 31. Qxh4 Ra3 (31... gxf2 $1 $14 32. Qxf2 Qd7) 32. Rxg3 (32. fxg3 $142 Qb7 33. Rg2) 32... Rgxg3 $16 33. fxg3 {[%emt 0:00:06][%mdl 4096] Endgame KQR-KQR} Qb7 (33... Qd7 $16) 34. d5 $2 (34. Qg5+ $18 Kf8 35. Kh2 (35. Qd8+ Kg7 $18)) 34... cxd5 $11 35. Qd8+ Kh7 $2 (35... Kg7 $1 $11 36. Qf6+ Kg8 37. Qd8+ Kg7 38. Qg5+ Kf8) 36. Rd4 $1 $16 {[%emt 0:02:44] White is more active.} (36. Qh4+ $6 Kg8 $11) 36... Ra1+ 37. Kg2 {[%emt 0:00:28] White threatens Rh4+ and mate.} Ra2+ 38. Kf3 $1 {[%emt 0:00:20] Threatening mate with Rh4+. Really sharp!} Ra3+ {[%emt 0:00:03] [#]} 39. Kg2 $2 (39. Kg4 $1 $18 Rc3 40. Qg5 (40. Qh4+ Kg8 $16)) 39... Ra2+ $11 40. Kf3 ({White should try} 40. Kg1 $11 Qa7 41. Qh4+ Kg8 42. Qg5+ (42. Kh1 {leads to mate.} Ra1+ 43. Kg2 Qa2+ 44. Kf3 Rf1+ 45. Ke3 Re1+ 46. Kf3 Qe2+ 47. Kf4 Qf2+ 48. Kg5 Qf5+ 49. Kh6 Qg6#) 42... Kf8 43. Qd8+ Kg7 44. Qg5+ (44. Qh4 {is a self mate.} Ra1+ 45. Kg2 Qa2+ 46. Kf3 Rf1+ 47. Ke3 Re1+ 48. Kd3 Qe2+ 49. Kc3 Rc1+ 50. Kb3 Qc2+ 51. Ka3 Ra1#) 44... Kf8 45. Qd8+ Kg7 46. Qg5+ (46. Qh4 {gets mated.} Ra1+ 47. Kg2 Qa2+ 48. Kf3 Rf1+ 49. Ke3 Re1+ 50. Kd3 Qe2+ 51. Kc3 Rc1+ 52. Kb3 Qc2+ 53. Ka3 Ra1#) 46... Kf8) 40... Ra3+ $16 {[%emt 0:00:03] [#]} 41. Kg4 $1 Ra4 $2 {[%emt 0:17:50][%mdl 8192] Loses the game.} (41... Rc3 $16) 42. Kg5 Rxb4 43. Kf6 Qb5 44. Rxb4 Qxb4 45. Kxf7 {[%emt 0:00:00] KQ-KQ} (45. Qe8 $142 Qb7 46. Qf8 Qe7+ 47. Qxe7 Kh8 48. Qf8+ Kh7 49. Qg7#) 45... Qb7+ $18 46. Kxe6 Qb3 47. Qh4+ {[%emt 0:00:00] White mates.} Kg8 48. Qg4+ Kh8 49. Kf6 Qb6+ 50. e6 Qf2+ 51. Qf4 Qa7 52. Qh6+ Kg8 53. Qg6+ Kf8 54. Qf7+ {[%emt 0:00:00] Weighted Error Value: White=0.17 (very precise) /Black=0.40} 1-0

[Event "93rd German Championship 2022"]
[Site "Magdeburg"]
[Date "2022.08.17"]
[Round "5.10"]
[White "Florstedt, Johannes"]
[Black "Costa, Leonardo"]
[Result "0-1"]
[ECO "B12"]
[WhiteElo "2368"]
[BlackElo "2316"]
[Annotator "TA"]
[PlyCount "114"]
[EventDate "2022.08.14"]
[EventType "swiss"]
[EventCountry "GER"]
[SourceTitle "playchess.com"]
[Source "ChessBase"]
[SourceQuality "1"]
[TimeControl "40/5400+30:1800+30"]

1. e4 c6 2. d4 d5 3. e5 Bf5 4. h4 h5 5. Bd3 Bxd3 6. Qxd3 e6 7. Bg5 {[%emt 0:00:13] B12: Caro-Kann: Advance Variation.} Be7 (7... Qb6 $5 ) 8. Nf3 Nh6 9. c4 {[%emt 0:00:25] The position is equal.} dxc4 10. Qxc4 Nd7 11. Nc3 Nb6 12. Qb3 Nf5 13. Rd1 {[%emt 0:00:24] [#]} Qd7 $146 ({Predecessor:} 13... Qc7 14. O-O Rd8 15. Bxe7 Qxe7 16. g3 O-O 17. Ne4 Rd5 18. Rd3 Rfd8 19. Qd1 Nc4 {1-0 (33) Volokitin,A (2627)-Laznicka,V (2667) Batumi 2019}) 14. Bxe7 Qxe7 15. g3 O-O-O 16. O-O Kb8 17. Ne4 Rd5 18. Rd3 Rhd8 19. Rfd1 Rb5 20. Qc2 Qb4 21. b3 Rbd5 22. Qc1 Qe7 23. a3 a6 24. b4 Nc8 25. Nc5 Na7 26. a4 Ka8 (26... Nc8 $142) 27. Qc4 Kb8 28. Ng5 Rg8 (28... Nc8 $142) 29. Kf1 Qc7 30. R3d2 Nc8 31. Qe2 Rh8 32. Qc4 (32. Rd3 $16) 32... Nb6 (32... Rg8 $1 $11 {remains equal.}) 33. Qc2 Rhd8 34. Qc3 ({Don't play} 34. a5 Nc8 $11) 34... Qe7 35. Nh3 Rh8 {[%emt 0:02:46] [#]} (35... Nd7 $14) 36. Rb1 ({White has to play} 36. Nf4 $1 $16) 36... Rhd8 $14 37. Rbd1 ({White should try} 37. a5 $11 Na8 38. Rbd1) 37... Rh8 $1 $16 38. b5 (38. Nf4 $16) 38... axb5 $11 39. axb5 {[%emt 0:00:06] [#]} (39. Nf4 $5 g5 40. hxg5 Qxg5 41. Nxd5 Nxd5 42. Qa5 $11) 39... Nxd4 $1 40. Rxd4 Qxc5 (40... Rxc5 {keeps more tension.} 41. Qa3 cxb5 42. Ng5 Rc7) 41. Qxc5 Rxc5 42. bxc6 Rxc6 43. Ng5 f6 44. exf6 gxf6 45. Nf7 Re8 46. Rd8+ Rc8 47. Rxe8 Rxe8 48. Rd8+ Rxd8 49. Nxd8 {[%emt 0:00:00][%mdl 4096] Endgame KN-KN} e5 50. Ne6 Kc8 51. g4 hxg4 {[%emt 0:00:00] White must now prevent ...Kd7.} 52. h5 Nc4 $1 (52... Kd7 $2 {[#]} 53. h6 $1 Kxe6 54. h7 $18) 53. Kg2 Nd6 {[%emt 0:00:00] Hoping for ...Kd7.} 54. Kg3 (54. h6 $1 $15) 54... Kd7 $17 55. Nc5+ Kc6 {[%emt 0:00:00] ( -> ...Nf5+)} 56. Nxb7 $2 Nf5+ 57. Kxg4 Nh6+ {[%emt 0:00:00] Quite a comeback for Black.  Weighted Error Value: White=0.31/Black=0.10 (very precise)} 0-1

[Event "93rd German Championship 2022"]
[Site "Magdeburg"]
[Date "2022.08.17"]
[Round "5.11"]
[White "Colpe, Malte"]
[Black "Keller, Peter"]
[Result "1-0"]
[ECO "D45"]
[WhiteElo "2369"]
[BlackElo "2377"]
[Annotator "TA"]
[PlyCount "75"]
[EventDate "2022.08.14"]
[EventType "swiss"]
[EventCountry "GER"]
[SourceTitle "playchess.com"]
[Source "ChessBase"]
[SourceQuality "1"]
[TimeControl "40/5400+30:1800+30"]

1. d4 Nf6 2. c4 e6 3. Nf3 d5 4. Nc3 c6 5. e3 Nbd7 6. Be2 Bd6 7. O-O O-O 8. b3 b6 9. Bb2 Bb7 10. Qc2 Qe7 11. Rad1 Rad8 12. Rfe1 Rfe8 13. Bf1 {D45: Semi-Slav: 5 e3.} Ba3 14. Bxa3 Qxa3 15. cxd5 {The position is equal.} exd5 {[%emt 0:02:10] [#]} 16. Rb1 $146 ({Predecessor:} 16. g3 Qe7 17. Bg2 Ne4 18. Nxe4 dxe4 19. Ne5 Nxe5 20. dxe5 Qxe5 21. Bxe4 g6 22. Bg2 {½-½ (37) Moroni,L (2448)-Michalik,P (2519) Prague 2016}) 16... a5 17. Na4 Qd6 18. Rbc1 Rc8 19. Red1 (19. Ne5 {with more complications.} h6 20. Red1 Qc7 21. f4) 19... Qb8 20. g3 (20. Ne5 {is interesting.} Qa7 21. Qf5 Re6 22. Nxd7 Nxd7 23. Nb2) 20... Rc7 21. a3 (21. Ne5 {seems wilder.} Qa7 22. Nc3 Qb8 23. f4) 21... Qa7 22. Nc3 {[%emt 0:11:35][%cal Oc3b5] Threatens to win with Nb5!} Ba6 {[%emt 0:06:21] Against Nb5} 23. Bh3 c5 24. Qf5 c4 (24... cxd4 $11 25. Nxd4 Rec8) 25. b4 ({Worse is} 25. Nxd5 Nxd5 26. Qxd5 Bb7 $11) (25. Nd2 $16) 25... Qa8 26. Bg2 {[%emt 0:02:31] White is more active.} Bc8 {[%emt 0:01:44] [#] This costs Black the game.} (26... Nf8 $16) 27. Qf4 $1 $18 Rc6 (27... axb4 $142 28. axb4 (28. Qxc7 bxc3 29. Nh4 Qb7 $16) 28... Qb8) 28. Ne5 Rce6 {[%emt 0:00:08] [#]} 29. Nxd5 $1 Nxd5 (29... Qa7 30. bxa5) 30. Qxf7+ Kh8 31. Nxd7 Bb7 32. Ne5 ({Less strong is} 32. Rxc4 R6e7 33. Qf5 g6 $18) 32... Rf6 33. Qd7 Re7 34. Qh3 Rh6 35. Qf5 Rf6 36. Qc2 axb4 37. axb4 c3 38. Qb3 {[%emt 0:00:35] Weighted Error Value: White=0.13 (very precise) /Black=0.42} 1-0

[Event "93rd German Championship 2022"]
[Site "Magdeburg"]
[Date "2022.08.17"]
[Round "5.12"]
[White "Gungl, Theo"]
[Black "Malek, Daniel"]
[Result "1-0"]
[ECO "E46"]
[WhiteElo "2359"]
[BlackElo "2355"]
[Annotator "TA"]
[PlyCount "77"]
[EventDate "2022.08.14"]
[EventType "swiss"]
[EventCountry "GER"]
[SourceTitle "playchess.com"]
[Source "ChessBase"]
[SourceQuality "1"]
[TimeControl "40/5400+30:1800+30"]

1. d4 Nf6 2. c4 e6 3. Nc3 Bb4 4. e3 O-O 5. Bd2 d5 6. Nf3 b6 7. cxd5 exd5 8. Bd3 {[%emt 0:00:06] E51: Nimzo-Indian: Rubinstein: 4...0-0 5 Nf3 d5.} Bd6 9. Rc1 c5 10. O-O {[%emt 0:09:27] The position is equal.} Bb7 11. Nb5 Be7 12. Ne5 Nc6 13. Nxc6 Bxc6 14. dxc5 bxc5 15. Nd4 {[%emt 0:00:40] [#]} Bd7 $146 ({Predecessor:} 15... cxd4 16. Rxc6 Qd7 17. Qc2 Rac8 18. Rc1 Rxc6 19. Qxc6 Qg4 20. h3 Qh4 21. Qa4 Ne4 22. Bxe4 dxe4 23. exd4 {1-0 (36) Ikonnikov,V (2497)-Elgersma,O (2258) Vlissingen 2019}) 16. Nf5 Bxf5 17. Bxf5 Qb6 18. Bc3 Rfd8 19. Qa4 a5 20. Rfd1 {[%emt 0:01:05] Inhibits d4.} g6 21. Bh3 Ra7 22. g3 $36 {[%emt 0:02:25][%mdl 2048] White has good play.} Ne4 23. Bg2 {[%emt 0:02:20] A strong pair of Bishops.} f5 ({Much less strong is} 23... Nxc3 24. bxc3 Rad7 25. Rb1 $16) 24. Rc2 Kf7 25. Bxe4 fxe4 26. Rcd2 Qb7 {[%emt 0:01:49] [#]} (26... Qe6 $11 {and Black is okay.}) 27. Rxd5 $1 $18 Qxd5 (27... Rxd5 {was called for.} 28. Qc4 Qa6 29. Qxd5+ Qe6) 28. Rxd5 Rxd5 29. Qxe4 Rdd7 30. Qe5 {[%emt 0:02:16] White is clearly winning.} Bf8 31. Qf6+ Ke8 32. Qe6+ Be7 33. a4 Rd6 34. Qc8+ Rd8 35. Qc6+ Kf7 36. Qb6 Rdd7 37. Qb3+ Kf8 38. Qb8+ Kf7 39. Qh8 {[%emt 0:00:32] Weighted Error Value: White=0.05 (flawless) /Black=0.36} 1-0

[Event "93rd German Championship 2022"]
[Site "Magdeburg"]
[Date "2022.08.17"]
[Round "5.13"]
[White "Pahl, Erik"]
[Black "Parvanyan, Alfred"]
[Result "0-1"]
[ECO "B33"]
[WhiteElo "2203"]
[BlackElo "2126"]
[Annotator "TA"]
[PlyCount "78"]
[EventDate "2022.08.14"]
[EventType "swiss"]
[EventCountry "GER"]
[SourceTitle "playchess.com"]
[Source "ChessBase"]
[SourceQuality "1"]
[TimeControl "40/5400+30:1800+30"]

1. e4 c5 2. Nf3 Nc6 3. d4 cxd4 4. Nxd4 Nf6 5. Nc3 e5 6. Ndb5 d6 7. Bg5 a6 8. Na3 b5 9. Nd5 Be7 10. Bxf6 Bxf6 11. c3 Bg5 12. Nc2 Rb8 13. a4 bxa4 {[%emt 0:05:19] B33: Sicilian: Pelikan and Sveshnikov Variations.} 14. Ncb4 Nxb4 15. cxb4 Bd7 {[%emt 0:03:16] The position is equal.} 16. Bxa6 O-O 17. O-O Bc6 18. Rxa4 Bxa4 19. Qxa4 Kh8 20. b5 f5 21. exf5 {[%emt 0:00:33] [#]} Rxf5 $146 ({Predecessor:} 21... Qd7 22. Qc4 Qxf5 23. f3 Bd8 24. Qc6 Qd3 25. Bb7 Bg5 26. Ra1 e4 27. f4 Bxf4 28. Nxf4 {0-1 (35) Haring,F (2310)-Debevec,B (2169) Pardubice 2018}) 22. b6 Bh4 ({Black should try} 22... Qg8 $14 23. Qc6 e4) 23. b7 $16 e4 (23... Bg5 $16 {was necessary.}) 24. Qxe4 $18 Re5 25. Qc4 {[%emt 0:00:39] And now g3 would win.} Qa5 26. Nb4 ({And not} 26. Qxh4 Qxa6 27. Qd4 Qxb7 $17) (26. Qc8+ $18 Re8 27. Qc6) 26... Bxf2+ $16 {[%emt 0:03:25][%mdl 64] Decoy} 27. Kxf2 $2 {[%emt 0:01:54][%mdl 8192] [#]} ({Reject} 27. Rxf2 Re1+ 28. Rf1 Qb6+ 29. Kh1 Rxf1+ 30. Qxf1 Qxb4 $11) (27. Kh1 $16 d5 28. Qf4) 27... Qb6+ $1 $19 28. Kg3 Qe3+ 29. Rf3 Qe1+ 30. Kg4 Re4+ {[%emt 0:01:29][%mdl 64] Skewer, Double Attack} 31. Rf4 Rxc4 32. Rxc4 Qe6+ 33. Kg3 {[%emt 0:01:40] [#]} Rxb7 $3 34. b3 (34. h4 Rb8) 34... Qe3+ 35. Kg4 Qe2+ (35... Rb8 $142 36. g3 g6) 36. Kg3 Qe3+ 37. Kg4 {[%emt 0:00:06] Threatening mate with Rc8+.} Qe6+ 38. Kg3 $1 Rb8 39. Kh4 {[%emt 0:01:07] [#]} Rxb4 $1 {[%emt 0:00:16] Weighted Error Value: White=0.84/Black=0.19 (very precise)} 0-1